 Dungeon Crawl Stone Soup version 0.30.1-11-g7821555f0a (webtiles) character file.

Game seed: 16761493879593337515

16268 Ekaitz the Zephyrmancer (level 12, -9/70 HPs)
             Began as a Tengu Air Elementalist on Dec 22, 2023.
             Was an Elder of Vehumet.
             Mangled by a boulder beetle (23 damage)
             ... on level 11 of the Dungeon.
             The game lasted 00:38:41 (14848 turns).

Ekaitz the Zephyrmancer (Tengu Air Elementalist)   Turns: 14848, Time: 00:38:42

Health: -9/70      AC:  8    Str:  8    XL:     12   Next: 35%
Magic:  16/25      EV: 18    Int: 20    God:    Vehumet [****..]
Gold:   360        SH:  0    Dex: 16    Spells: 5/27 levels left

rFire   . . .        K - +8 mithril axe "Arga" {speed, Will+}
rCold   . . .        (no shield)
rNeg    . . .        V - +2 robe {Archmagi}
rPois   .            L - +2 hat
rElec   .            C - +0 cloak
rCorr   .            y - +0 pair of gloves
SInv    +            (boots unavailable)
Will    +....        (no amulet)
Stlth   ++           H - +4 ring of slaying
HPRegen 0.31/turn    S - ring of Lesser Demons {Slay+3 SInv}
MPRegen 0.19/turn

%: archmagi
@: flying quickly and evasively, quick
A: beak, talons 3, nimble flight
a: Renounce Religion


You were on level 11 of the Dungeon.
You worshipped Vehumet.
Vehumet was greatly pleased with you.
You visited 1 branch of the dungeon, and saw 11 of its levels.
You also visited: Ossuary.

You collected 468 gold pieces.
You spent 108 gold pieces at shops.

Inventory:

Hand Weapons
 a - a +2 dagger of freezing
 r - a +2 dagger of electrocution
 t - a +4 scimitar
 x - a +4 trident of venom
 K - the +8 mithril axe "Arga" (weapon) {speed, Will+}
   (You found it on level 9 of the Dungeon)

   Will:      It increases your willpower.
 W - a +2 dagger of venom
Missiles
 n - 4 javelins
 w - 3 silver boomerangs
 I - a curare-tipped dart
 M - 23 poisoned darts
 Q - 3 throwing nets
Armour
 y - a +0 pair of gloves (worn)
 C - a +0 cloak (worn)
 D - a +0 kite shield
 G - the +6 kite shield "Ylahach" {Drain +Blink Will++ Stlth+}
   (You found it on level 5 of the Dungeon)

   +Blink:    It lets you blink.
   Drain:     It drains your maximum health when unequipped.
   Will:      It greatly increases your willpower.
   Stlth:     It makes you more stealthy.
 L - a +2 hat (worn)
 U - the +5 ring mail of Tenacity {SInv Stlth+}
   (You found it on level 9 of the Dungeon)

   SInv:      It lets you see invisible.
   Stlth:     It makes you more stealthy.
 V - a +2 robe of the Archmagi (worn)
Magical Staves
 h - a staff of cold
 k - a staff of fire
 J - a staff of poison
Jewellery
 H - a +4 ring of slaying (left hand)
 P - the ring "Hemapob" {Fly rPois rCorr Dex+3}
   (You found it on level 7 of the Dungeon)

   [ring of poison resistance]

   Dex:       It affects your dexterity (+3).
   rPois:     It protects you from poison.
   Fly:       It grants you flight.
   rCorr:     It protects you from acid and corrosion.
 S - the ring of Lesser Demons (right hand) {Slay+3 SInv}
   (You found it on level 9 of the Dungeon)

   [ring of see invisible]

   Slay:      It affects your accuracy & damage with ranged weapons and melee
   (+3).
   SInv:      It lets you see invisible.
Wands
 R - a wand of roots (22)
 T - a wand of flame (9)
Scrolls
 c - 7 scrolls of teleportation
 g - 6 scrolls of identify
 i - 2 scrolls of fog {unknown}
 j - a scroll of noise {unknown}
 l - 3 scrolls of amnesia {unknown}
 o - 3 scrolls of fear {unknown}
 p - 2 scrolls of immolation {unknown}
 s - 3 scrolls of enchant weapon {unknown}
 u - a scroll of magic mapping
 v - 2 scrolls of poison
 A - 7 scrolls of enchant armour
 E - a scroll of vulnerability {unknown}
 X - a scroll of torment {unknown}
Potions
 b - a potion of magic
 d - 4 potions of invisibility {unknown}
 e - 10 potions of curing
 f - 4 potions of brilliance {unknown}
 q - a potion of ambrosia {unknown}
 z - a potion of resistance
 B - 6 potions of mutation {unknown}
 F - a potion of lignification
 N - 2 potions of haste


   Skills:
 * Level 6.3 Fighting
 + Level 1.0 Short Blades
 + Level 1.1 Polearms
 + Level 0.7 Throwing
 * Level 7.0 Dodging
 + Level 3.3 Stealth
 + Level 8.0 Spellcasting
 * Level 9.6 Conjurations
 * Level 7.3 Summonings
 * Level 1.7 Fire Magic
 * Level 14.1 Air Magic
 * Level 5.5 Evocations


You had 5 spell levels left.
You knew the following spells:

 Your Spells              Type           Power      Damage    Failure   Level
a - Shock                 Conj/Air       100%       1d9       1%          1
b - Static Discharge      Conj/Air       100%       2-7/arc   1%          2
c - Swiftness             Air            77%        N/A       1%          3
d - Airstrike             Air            38%        2d(6-22)  1%          4
e - Arcjolt               Conj/Air       35%        1d45      1%          5
f - Plasma Beam           Fire/Air       28%        2x1d44    13%         6
m - Summon Small Mammal   Summ           100%       N/A       1%          1

Your spell library contained the following spells:

 Spells                   Type           Power      Damage    Failure   Level
 Lee's Rapid Deconstruct  Erth           6%         3d6*      50%         5
 Stone Arrow              Conj/Erth      80%        3d12      1%          3
 Vhi's Electric Charge    Tloc/Air       100%       N/A       1%          3
 Sandblast                Erth           24%        2d8       2%          1
 Flame Wave               Conj/Fire      46%        2d12      2%          4
 Sticky Flame             Conj/Fire      46%        2d6       2%          4
 Inner Flame              Hex/Fire       17%        N/A       5%          3
 Frozen Ramparts          Ice            24%        1d4       7%          3
 Apportation              Tloc           24%        N/A       9%          1
 Necrotise                Necr           48%        1d6       9%          1
 Irradiate                Conj/Tmut      20%        3d18      9%          5
 Passwall                 Tmut/Erth      10%        N/A       13%         2
 Summon Ice Beast         Ice/Summ       33%        N/A       19%         4
 Gell's Gravitas          Tloc           12%        N/A       26%         3
 Teleport Other           Tloc           12%        N/A       26%         3
 Summon Forest            Summ/Tloc      16%        N/A       47%         5
 Summon Mana Viper        Hex/Summ       33%        N/A       47%         5
 Ice Form                 Ice/Tmut       12%        N/A       63%         4
 Petrify                  Tmut/Erth      12%        N/A       63%         4
 Blade Hands              Tmut           6%         N/A       93%         5
 Metabolic Englaciation   Hex/Ice        6%         N/A       93%         5
 Summon Cactus Giant      Summ           27%        N/A       54%         6
 Dispersal                Tloc           6%         N/A       100%        6
 Statue Form              Tmut/Erth      8%         N/A       100%        6
 Dragon Form              Tmut           6%         N/A       100%        7


Dungeon Overview and Level Annotations

Branches:
Dungeon (11/15)            Temple (0/1) D:5            Lair (0/5) D:10
Ossuary (visited)
    Orc: D:9-12

Altars:
Gozag
Makhleb
Nemelex Xobeh
Okawaru
Sif Muna
Uskayaw
Vehumet
Yredelemnul
Zin
The Shining One

Shops:
D:3 ?   D:5 =   D:11 (

Annotations:
D:9 4 runed translucent doors


Innate Abilities, Weirdness & Mutations

You have a beak for a mouth.
You have claws for feet.
Your magical nature lets you fly swiftly and evasively.


Message History

You don't have enough magic to cast this spell.
Okay, then.
Okay, then.
You feel very mighty all of a sudden.
The boulder beetle leaps!
Your +2 dagger of electrocution stops crackling.
Your hands tingle!
K - the +8 mithril axe "Arga" (weapon)
{speed, Will+}
Casting: Arcjolt (dangerous; 1% risk of failure)
Confirm with . or Enter, or press ? or * to list all spells.
You can't see any susceptible monsters within range! (Use Z to cast anyway.)
Aiming: Shock (safe; 1% risk of failure)
Press: ? - help, Q - select action, (/) - cycle Shift-Dir - straight line, f - you You feel a surge of power!
That beam is likely to hit you.
Continue anyway?
Okay, then.
You reach down and close the door.
You start resting.
Your magical contamination has completely faded away.
You start resting.
You feel a little less mighty now.
You reach down and open the door.
There is an open door here.
You slash the boulder beetle!
You claw the boulder beetle, but do no damage.
The boulder beetle is moderately wounded.
The boulder beetle closely misses you.
You slash the boulder beetle! You claw the boulder beetle.
The boulder beetle is heavily wounded.
The boulder beetle barely misses you. The boulder beetle bites you!
You hit the boulder beetle.
The boulder beetle is heavily wounded.
The boulder beetle bites you!!
* * * LOW HITPOINT WARNING * * *
You slash the boulder beetle!
You claw the boulder beetle, but do no damage.
You peck the boulder beetle.
The boulder beetle is severely wounded.
The boulder beetle bites you!!
You die...

######)#####.##
#........##
#######...#
#.#'##
####.8####
##..'..'..##
#..8#..#8..#
#)########(#
#@#.)(.(.#'#
#B####'###.#
#..8#..#8..#
##..+..†..##
####8.#### ####


You could see a boulder beetle.

Vanquished Creatures
  Gastronok (D:8)
  A boulder beetle (D:8)
  4 two-headed ogres
  Pikel (D:6)
  A cyclops (D:11)
  A gargoyle (D:10)
  Psyche (D:8)
  An unseen horror (D:11)
  3 trolls
  A hornet (D:8)
  Grinder (D:4)
  Sigmund (D:3)
  4 wyverns
  3 shadows
  16 yaks (D:9)
  A vampire (D:9)
  A basilisk (D:11)
  2 wargs (D:10)
  3 acid dragons
  4 water moccasins
  2 orc warriors
  2 ice beasts
  3 sky beasts (D:7)
  A black bear (D:6)
  2 ogres
  2 centaurs
  A phantom (D:5)
  A lemure (D:5)
  4 elf zombies (Ossuary)
  2 kobold brigands
  3 bullfrogs (D:6)
  4 gnoll sergeants
  9 wights
  12 killer bees
  6 howler monkeys
  6 centaur zombies (Ossuary)
  2 human zombies (Ossuary)
  2 hounds
  2 jellies
  2 gnoll boudas
  7 orc priests
  Crazy Yiuf (D:3)
  2 sleepcaps
  Terence (D:2)
  3 iguanas
  Natasha (twice) (D:2)
  10 orc wizards
  3 mummies (Ossuary)
  Robin (D:3)
  22 gnolls
  6 adders
  A shadow imp (D:8)
  A white imp (D:7)
  3 ufetubi
  4 worms (D:3)
  2 dart slugs
  31 orcs
  2 endoplasms (D:2)
  4 giant cockroaches
  9 goblins
  6 hobgoblins
  4 jackals
  6 quokkas
  5 ball pythons
  3 bats
  3 frilled lizards
  16 kobolds
  6 rats
283 creatures vanquished.

Vanquished Creatures (others)
  An orc wizard (D:3)
1 creature vanquished.

Grand Total: 284 creatures vanquished

Notes
Turn   | Place    | Note
-------+----------+-------------------------------------------
     0 | D:1      | Ekaitz the Tengu Air Elementalist began the quest for the
                  | Orb.
     0 | D:1      | Reached XP level 1. HP: 10/10 MP: 4/4
   184 | D:1      | Reached XP level 2. HP: 15/15 MP: 0/6
   187 | D:1      | Learned a level 2 spell: Static Discharge
   874 | D:2      | Noticed Natasha
  1102 | D:2      | Reached skill level 1 in Fighting
  1102 | D:2      | Reached XP level 3. HP: 13/20 MP: 0/7
  1106 | D:2      | Learned a level 3 spell: Swiftness
  1261 | D:2      | Killed Natasha
  1319 | D:2      | Found an opulent altar of Gozag.
  1564 | D:2      | Noticed Terence
  1570 | D:2      | Reached XP level 4. HP: 18/25 MP: 1/8
  1573 | D:2      | Killed Terence
  1574 | D:2      | Reached skill level 5 in Air Magic
  1721 | D:2      | Noticed Natasha
  1726 | D:2      | Killed Natasha
  1850 | D:3      | Gained mutation: Your magical nature lets you fly swiftly
                  | and evasively. [Tengu growth]
  1850 | D:3      | Reached XP level 5. HP: 20/29 MP: 2/9
  1995 | D:3      | Found a runed translucent door.
  1996 | D:3      | Noticed Crazy Yiuf
  2003 | D:3      | Killed Crazy Yiuf
  2359 | D:3      | Found a glowing silver altar of Zin.
  2652 | D:3      | Noticed Sigmund
  2738 | D:3      | Reached skill level 1 in Evocations
  2862 | D:3      | Noticed Robin
  2876 | D:3      | Killed Robin
  2976 | D:3      | Found Irezxida's Magic Scroll Shop.
  2979 | D:3      | Bought a scroll of poison for 48 gold pieces
  2979 | D:3      | Bought a scroll of identify for 24 gold pieces
  2979 | D:3      | Bought a scroll of teleportation for 36 gold pieces
  3012 | D:3      | Reached XP level 6. HP: 35/35 MP: 6/11
  3175 | D:3      | Learned a level 4 spell: Airstrike
  3178 | D:3      | Killed Sigmund
  3179 | D:3      | Reached skill level 6 in Air Magic
  3285 | D:3      | Reached XP level 7. HP: 40/40 MP: 0/12
  3428 | D:4      | Learned a level 1 spell: Summon Small Mammal
  3749 | D:4      | Identified the +0 scale mail "Dogrurir" {Str+3}
  3769 | D:4      | Noticed Grinder
  3798 | D:4      | Killed Grinder
  3799 | D:4      | Reached skill level 1 in Summonings
  4660 | D:4      | Reached XP level 8. HP: 46/46 MP: 11/14
  4824 | D:5      | Entered Level 5 of the Dungeon
  4824 | D:5      | Found Ittiami's One-of-a-Kind Rings.
  4902 | D:5      | Reached skill level 5 in Conjurations
  4902 | D:5      | Reached skill level 7 in Air Magic
  5081 | D:5      | Identified the +6 kite shield "Ylahach" {Drain +Blink
                  | Will++ Stlth+}
  5516 | D:5      | Found a radiant altar of Vehumet.
  5522 | D:5      | Became a worshipper of Vehumet
  5759 | D:5      | Found a staircase to the Ecumenical Temple.
  6017 | D:6      | Reached skill level 8 in Air Magic
  6105 | D:6      | Reached skill level 5 in Spellcasting
  6148 | D:6      | Found a basalt altar of Yredelemnul.
  6198 | D:6      | Reached XP level 9. HP: 51/51 MP: 12/17
  6313 | D:6      | Noticed Pikel
  6316 | D:6      | Killed Pikel
  6317 | D:6      | Reached skill level 1 in Polearms
  6323 | D:6      | Reached skill level 9 in Air Magic
  6713 | D:6      | Found a sparkling altar of Nemelex Xobeh.
  6772 | D:6      | Found a hide-covered altar of Uskayaw.
  6852 | D:6      | Noticed a +0 dagger
  6852 | D:6      | Noticed a +0 dagger
  6911 | D:7      | Reached * piety under Vehumet
  6911 | D:7      | Offered knowledge of Magic Dart by Vehumet.
  6915 | D:7      | Identified the ring "Hemapob" {Fly rPois rCorr Dex+3}
  6926 | D:7      | Found a sand-covered staircase.
  7385 | Ossuary  | Entered an ossuary
  7527 | Ossuary  | Reached skill level 5 in Dodging
  7527 | Ossuary  | Reached skill level 10 in Air Magic
  7649 | Ossuary  | Reached XP level 10. HP: 53/58 MP: 9/19
  8018 | Ossuary  | Offered knowledge of Kiss of Death by Vehumet.
  8020 | Ossuary  | Reached ** piety under Vehumet
  8932 | D:7      | Found an iron altar of Okawaru.
  9320 | D:8      | Reached skill level 11 in Air Magic
  9435 | D:8      | Found Pievepta's General Store.
  9459 | D:8      | Noticed Psyche
  9467 | D:8      | Killed Psyche
  9627 | D:8      | Offered knowledge of Volatile Blastmotes by Vehumet.
  9635 | D:8      | Noticed Gastronok
  9884 | D:8      | You are sucked into a shaft and drop 1 floor!
  9894 | D:9      | Identified the +5 ring mail of Tenacity {SInv Stlth+}
  9913 | D:9      | Noticed a two-headed ogre
  9945 | D:9      | Killed a two-headed ogre
  9946 | D:9      | Reached skill level 5 in Fighting
 10098 | D:9      | Reached skill level 5 in Summonings
 10102 | D:9      | Reached skill level 12 in Air Magic
 10102 | D:9      | Reached XP level 11. HP: 45/64 MP: 14/22
 10357 | D:9      | Noticed a two-headed ogre
 10368 | D:9      | Killed a two-headed ogre
 10474 | D:9      | Reached *** piety under Vehumet
 11081 | D:9      | Offered knowledge of Hailstorm by Vehumet.
 11186 | D:9      | Found a large runed translucent door.
 11186 | D:9      | Found a large runed translucent door.
 11190 | D:9      | Noticed a boulder beetle
 11199 | D:9      | Found a large runed translucent door.
 11199 | D:9      | Found a large runed translucent door.
 11234 | D:9      | Noticed a two-headed ogre
 11240 | D:9      | Killed a two-headed ogre
 11365 | D:9      | Found the +8 mithril axe "Arga" {speed, Will+}
 11433 | D:9      | Noticed a boulder beetle
 11530 | D:8      | Killed Gastronok
 11531 | D:8      | Reached skill level 13 in Air Magic
 11531 | D:8      | Reached skill level 5 in Evocations
 12057 | D:8      | Killed a boulder beetle
 12211 | D:9      | Identified the ring of Lesser Demons {Slay+3 SInv}
 12640 | D:10     | Entered Level 10 of the Dungeon
 12694 | D:10     | Reached XP level 12. HP: 70/70 MP: 10/24
 12718 | D:10     | Found a staircase to the Lair.
 12907 | D:10     | Learned a level 5 spell: Arcjolt
 12914 | D:10     | Learned a level 6 spell: Plasma Beam
 12935 | D:10     | Found a glowing golden altar of the Shining One.
 13021 | D:10     | Found a shimmering blue altar of Sif Muna.
 13060 | D:10     | Reached skill level 1 in Fire Magic
 13281 | D:10     | Reached **** piety under Vehumet
 13497 | D:10     | Offered knowledge of Lee's Rapid Deconstruction by Vehumet.
 13795 | D:10     | Noticed a two-headed ogre
 13804 | D:10     | Killed a two-headed ogre
 13805 | D:10     | Reached skill level 1 in Short Blades
 13994 | D:10     | Found a burning altar of Makhleb.
 14009 | D:11     | Found Gaunirr's Weapon Emporium.
 14466 | D:11     | Reached skill level 14 in Air Magic
 14466 | D:11     | Noticed a boulder beetle
 14781 | D:11     | HP: 3/70 [boulder beetle (13)]
 14848 | D:11     | Mangled by a boulder beetle

Illustrated notes

Levels and vault maps discovered:
D:1:      minmay_arrival_open_corners, layout_basic, minmay_misc_feat_enclosed
D:2:      layout_basic, basic_altar, uniq_natasha, uniq_terence
D:3:      layout_loops_cross, zin_treasury, serial_shops,
          nicolae_shop_rolled_up, uniq_crazy_yiuf_cottage, uniq_sigmund,
          uniq_robin
D:4:      layout_basic, kennysheep_potato, uniq_grinder
D:5:      layout_rooms, nicolae_vehumet_altar_sigil, temple_fountains,
          minivault_14, minmay_misc_feat_rows, nicolae_shop_unique_rings
D:6:      layout_rooms, nemelex_diamond_rough_becter, dancing_weapons_uskayaw,
          lemuel_doored_altar, uniq_pikel
D:7:      layout_basic, hellmonk_okawaru_the_only_friend_you_need,
          enter_ossuary_1
D:8:      layout_basic, serial_shops, shop, amcnicky_mini_pool_small,
          uniq_psyche, uniq_gastronok
D:9:      layout_roguey, minmay_hollow_rounded_squares
D:10:     layout_irregular_city, mainiacjoe_overflow_24_doors,
          mainiacjoe_overflow_swirl, erik_lair_orcish_takeover,
          serial_column_ruins, column_ruins_hut_pillars,
          column_ruins_columns_straight, column_ruins_open_small,
          column_ruins_columns_water, column_ruins_grid_2,
          column_ruins_open_small
D:11:     minmay_chambers_of_sixes, layout_loops_corners, serial_shops,
          nicolae_shop_bloodbath_and_beyond, minmay_holes

Skill      XL: |  1  2  3  4  5  6  7  8  9 10 11 12 |
---------------+-------------------------------------+-----
Fighting       | 1 2 3 4 5 6 |  6.3
Conjurations   | 2 3 4 6 7 8 9 |  9.6
Air Magic      | 5 6 8 10 12 13 14 | 14.1
Dodging        | 3 4 5 6 7 |  7.0
Evocations     | 1 2 3 4 5 |  5.5
Spellcasting   | 3 5 6 7 8 |  8.0
Summonings     | 1 2 3 5 6 7 |  7.3
Stealth        | 3 |  3.3
Polearms       | 1 |  1.1
Fire Magic     | 1 |  1.7
Short Blades   | 1 |  1.0
Throwing       | |  0.7

Action                     |  1- 3 |  4- 6 |  7- 9 | 10-12 || total
---------------------------+-------+-------+-------+-------++-------
  Melee: Unarmed           |     3 |       |       |       ||     3
         Kick              |     1 |       |     4 |    21 ||    26
         Halberd           |       |       |     8 |       ||     8
         Dagger            |       |       |     6 |    30 ||    36
         Peck              |       |       |     1 |     9 ||    10
         Scimitar          |       |       |       |     3 ||     3
         Trident           |       |       |       |     4 ||     4
         Broad axe         |       |       |       |     4 ||     4
  Throw: Dart              |       |       |       |     5 ||     5
   Cast: Shock             |    53 |    75 |   150 |   174 ||   452
         Static Discharge  |     5 |    10 |    17 |    38 ||    70
         Airstrike         |       |     2 |    42 |    97 ||   141
         Summon Small Mamm |       |       |     1 |     2 ||     3
         Arcjolt           |       |       |       |    12 ||    12
  Evoke: Wand              |       |       |       |     2 ||     2
    Use: Potion            |       |     1 |       |     3 ||     4
         Scroll            |       |       |       |     9 ||     9
   Stab: Sleeping          |       |       |     1 |     2 ||     3
 Armour: Robe              |     2 |     2 |     9 |    16 ||    29
         Skin              |       |       |       |     9 ||     9
  Dodge: Dodged            |    19 |    19 |    35 |   127 ||   200
